[Event "January 2 Late 2024"]
[Site "https://www.chess.com"]
[Date "2024.01.02"]
[Round "10"]
[White "RaugintaBulba"]
[Black "Syaputra, Arifa Rizki"]
[Result "0-1"]
[Board "45"]
[TimeControl "180+1"]
[BlackFideId "7105100"]
[WhiteElo "2549"]
[BlackElo "2695"]
[BlackTeam "INA"]
[WhiteClock "0:00:00"]
[BlackClock "0:00:05"]

1. Nc3 Nf6 2. d4 d5 3. Bf4 c6 4. e3 Bf5 5. f3 h5 6. Bd3 Bxd3 7. Qxd3 e6 8. Nge2 Bd6 9. O-O-O Na6 10. a3 Nc7 11. e4 Bxf4+ 12. Nxf4 dxe4 13. fxe4 e5 14. dxe5 Qxd3 15. Nxd3 Nd7 16. Rhf1 Ne6 17. Ne2 Rd8 18. Nef4 Ndc5 19. Nxc5 Rxd1+ 20. Rxd1 Nxc5 21. b4 Nxe4 22. e6 Nf6 23. exf7+ Kxf7 24. Nh3 Re8 25. Ng5+ Kg6 26. Nf3 Kf5 27. Rf1 Kg6 28. Kd2 Ne4+ 29. Kd3 Nf6 30. Kd4 b6 31. Ne5+ Kh7 32. Nxc6 Re2 33. Nxa7 Rxg2 34. a4 Rxc2 35. a5 bxa5 36. bxa5 Rxh2 37. Ra1 Rd2+ 38. Ke3 Rd7 39. Nc6 Rc7 40. a6 Nd5+ 41. Ke4 Nb6 42. Ne5 Re7 43. Kf5 Re8 44. Kf4 Nd5+ 45. Ke4 Nc3+ 46. Kd4 Nb5+ 47. Kd5 Nc7+ 48. Kd6 Nxa6 49. Rxa6 h4 50. Ra4 g5 0-1

[Event "January 2 Late 2024"]
[Site "https://www.chess.com"]
[Date "2024.01.02"]
[Round "10"]
[White "Manolache, Marius"]
[Black "Pham, Le Thao Nguyen"]
[Result "0-1"]
[Board "46"]
[TimeControl "180+1"]
[WhiteFideId "1201530"]
[BlackFideId "12401226"]
[WhiteElo "2683"]
[BlackElo "2557"]
[WhiteTeam "ROU"]
[BlackTeam "VIE"]
[WhiteClock "0:00:00"]
[BlackClock "0:00:02"]

1. d4 d5 2. Nf3 c6 3. c4 Nf6 4. Qc2 g6 5. e3 Bf5 6. Bd3 Bxd3 7. Qxd3 Bg7 8. Nc3 O-O 9. O-O e6 10. Rd1 Nbd7 11. b3 Re8 12. Bb2 Qe7 13. Qe2 Ne4 14. Nxe4 dxe4 15. Nd2 f5 16. a4 Rad8 17. Ba3 c5 18. Rac1 b6 19. Nf1 h5 20. Rd2 Qf7 21. dxc5 Nxc5 22. Bxc5 bxc5 23. Rcd1 Rxd2 24. Rxd2 Qb7 25. Qd1 Re7 26. Rd8+ Kh7 27. a5 Qc7 28. a6 Be5 29. h4 Kh6 30. g3 Bf6 31. Kg2 Qe5 32. Rc8 Rc7 33. Rb8 Rc6 34. Rb7 Rd6 35. Qe2 Rxa6 36. Qd2 Qd6 37. Qxd6 Rxd6 38. Rxa7 Rd3 39. Rc7 Rxb3 40. Rxc5 Rb2 41. Rc6 Bc3 42. Rxe6 Be1 43. c5 Rxf2+ 44. Kg1 Rc2 45. c6 Ba5 0-1

[Event "January 2 Late 2024"]
[Site "https://www.chess.com"]
[Date "2024.01.02"]
[Round "10"]
[White "Suvorov, Alexander"]
[Black "Annaberdiyev, Meylis"]
[Result "1-0"]
[Board "47"]
[TimeControl "180+1"]
[WhiteFideId "12977063"]
[BlackFideId "14000563"]
[WhiteElo "2548"]
[BlackElo "2677"]
[WhiteTeam "GER"]
[BlackTeam "TKM"]
[WhiteClock "0:00:16"]
[BlackClock "0:00:01"]

1. Nf3 Nf6 2. b3 d5 3. Bb2 c6 4. e3 Bg4 5. Be2 Nbd7 6. c4 e6 7. Nc3 Bd6 8. h3 Bh5 9. O-O O-O 10. d4 Ne4 11. Nxe4 dxe4 12. Nd2 Bxe2 13. Qxe2 f5 14. f3 exf3 15. Qxf3 Bb4 16. Qe2 Bxd2 17. Qxd2 Nf6 18. Qe2 Ne4 19. Rf3 Qd7 20. Rd1 a5 21. d5 cxd5 22. cxd5 exd5 23. Qd3 Rad8 24. Qd4 Rf7 25. Rdf1 Qe6 26. g4 Qf6 27. Qxf6 gxf6 28. Rxf5 Ng3 29. Bxf6 Nxf5 30. Bxd8 Nxe3 31. Re1 d4 32. Bb6 Rf3 33. Bxd4 Nc2 34. Re4 Rxh3 35. Bf2 Rd3 36. Re7 b5 37. Re5 Rd1+ 38. Kg2 Rd2 39. Rxb5 Ne3+ 40. Kf3 Nd1 41. Bg3 Rxa2 42. Be5 Nb2 43. Ke4 Nd1 44. Kf5 Ne3+ 45. Ke6 Nxg4 46. Rb8# 1-0

[Event "January 2 Late 2024"]
[Site "https://www.chess.com"]
[Date "2024.01.02"]
[Round "10"]
[White "Fantinel, Thibault"]
[Black "Leenhouts, Koen"]
[Result "1-0"]
[Board "48"]
[TimeControl "180+1"]
[WhiteFideId "663395"]
[BlackFideId "1008439"]
[WhiteElo "2674"]
[BlackElo "2548"]
[WhiteTeam "FRA"]
[BlackTeam "NED"]
[WhiteClock "0:00:06"]
[BlackClock "0:00:00"]

1. e4 e6 2. d4 d5 3. exd5 exd5 4. Nf3 c5 5. Bb5+ Bd7 6. Bxd7+ Qxd7 7. O-O Nc6 8. Nc3 O-O-O 9. Re1 Nf6 10. Bf4 cxd4 11. Nxd4 Bc5 12. Nxc6 Qxc6 13. Qf3 d4 14. Qxc6+ bxc6 15. Ne4 Nxe4 16. Rxe4 Rhe8 17. Rxe8 Rxe8 18. Kf1 Kd7 19. Rd1 Re4 20. g3 f5 21. Rd3 Bb6 22. b4 c5 23. bxc5 Bxc5 24. c3 h6 25. f3 Re8 26. cxd4 Bd6 27. Ra3 Bxf4 28. gxf4 Kd6 29. Rxa7 g5 30. Ra5 g4 31. Rxf5 gxf3 32. Kf2 Re2+ 33. Kxf3 Rxh2 34. a4 Ra2 35. a5 Ke6 36. Rh5 Kd6 37. Ke4 Re2+ 38. Kf5 Ra2 39. Rxh6+ Kd5 40. a6 Kxd4 41. Kg5 Rg2+ 42. Kf6 Ke4 43. f5 Ra2 44. Rh4+ Kd5 45. Kg7 Rxa6 46. f6 Ke6 47. Re4+ Kf5 48. Re1 1-0

[Event "January 2 Late 2024"]
[Site "https://www.chess.com"]
[Date "2024.01.02"]
[Round "10"]
[White "Gasparyan, David"]
[Black "Jakubowski, Krzysztof"]
[Result "0-1"]
[Board "49"]
[TimeControl "180+1"]
[WhiteFideId "13311980"]
[BlackFideId "1112848"]
[WhiteElo "2547"]
[BlackElo "2662"]
[WhiteTeam "USA"]
[BlackTeam "POL"]
[WhiteClock "0:01:11"]
[BlackClock "0:01:31"]

1. Nf3 Nf6 2. g3 d5 3. Bg2 Bg4 4. O-O Nbd7 5. d3 c6 6. Nbd2 e5 7. e4 dxe4 8. dxe4 Bc5 9. h3 Bxf3 10. Qxf3 O-O 11. c3 a5 12. Nc4 Qc7 13. Be3 a4 14. Rad1 Rfd8 15. b4 axb3 16. axb3 b5 17. b4 Bxe3 18. Nxe3 g6 19. h4 Kg7 20. Bh3 Nb6 21. Kg2 h5 22. Rxd8 Rxd8 23. Rd1 Rxd1 24. Nxd1 Qd6 25. Ne3 Qd2 26. Bc8 Nxc8 27. Kg1 Nb6 28. Nf1 Qc2 29. Ne3 Qxe4 30. Qd1 Nbd5 31. Ng2 Nxc3 32. Qd6 Ne2+ 33. Kh2 Ng4+ 0-1

[Event "January 2 Late 2024"]
[Site "https://www.chess.com"]
[Date "2024.01.02"]
[Round "10"]
[White "Khatoev, Eduard"]
[Black "Shuvalov, Evgenij"]
[Result "1-0"]
[Board "50"]
[TimeControl "180+1"]
[WhiteFideId "24145076"]
[BlackFideId "4187237"]
[WhiteElo "2659"]
[BlackElo "2522"]
[WhiteTeam "RUS"]
[BlackTeam "FID"]
[WhiteClock "0:01:14"]
[BlackClock "0:00:12"]

1. Nf3 Nf6 2. e3 g6 3. b3 Bg7 4. Bb2 O-O 5. d4 d5 6. Be2 c5 7. dxc5 Qa5+ 8. Qd2 Qxc5 9. Nc3 Nc6 10. a3 Rd8 11. Na4 Qd6 12. Rd1 Ne4 13. Qc1 Bxb2 14. Qxb2 Qf6 15. Qxf6 Nxf6 16. Bb5 Bf5 17. Bxc6 bxc6 18. Nd4 Bd7 19. Nc5 Be8 20. O-O e5 21. Nf3 e4 22. Nd4 a5 23. a4 Rac8 24. Rb1 Rb8 25. Rb2 Rb6 26. Rfb1 Nd7 27. b4 axb4 28. a5 Rbb8 29. Nxc6 Nxc5 30. Nxb8 Rxb8 31. Rxb4 Rxb4 32. Rxb4 Kf8 33. Rb6 Ke7 34. a6 Nxa6 35. Rxa6 Bb5 36. Ra5 Bc4 37. g3 h5 38. Ra7+ Ke6 39. f4 exf3 40. Kf2 Be2 41. Rb7 f6 42. Rg7 Kf5 43. h3 Bd1 44. Rc7 Be2 45. c3 Ke5 46. Rg7 Kf5 47. Rg8 Bd1 48. Rd8 Ke6 49. c4 Bb3 50. c5 Ke7 51. Rd6 Bc4 52. Kxf3 g5 53. g4 h4 54. e4 dxe4+ 55. Kxe4 Bf1 56. Kf5 Bxh3 57. Re6+ Kd7 58. Rxf6 Bg2 59. Kxg5 h3 60. Rh6 Ke7 61. Kf4 Kf7 62. c6 h2 63. c7 Bb7 64. Rxh2 1-0

[Event "January 2 Late 2024"]
[Site "https://www.chess.com"]
[Date "2024.01.02"]
[Round "10"]
[White "Martin Fuentes, Alberto"]
[Black "Jaiveer Mahendru"]
[Result "1-0"]
[Board "51"]
[TimeControl "180+1"]
[WhiteFideId "2292289"]
[BlackFideId "25611151"]
[WhiteElo "2655"]
[BlackElo "2519"]
[WhiteTeam "ESP"]
[BlackTeam "IND"]
[WhiteClock "0:00:21"]
[BlackClock "0:00:05"]

1. e4 c5 2. Nc3 Nc6 3. g3 g5 4. Bg2 Bg7 5. d3 e6 6. h4 gxh4 7. Rxh4 Nge7 8. Bg5 h6 9. Be3 Nd4 10. Qd2 Ng6 11. Rh5 d6 12. Nd1 Rb8 13. c3 Nc6 14. Bxh6 b5 15. Bg5 Qa5 16. Rxh8+ Bxh8 17. Ne2 Bd7 18. Be3 Nge5 19. f4 Ng4 20. Bg1 b4 21. c4 Nf6 22. Ne3 e5 23. f5 Bg7 24. Nd5 Nxd5 25. exd5 Ne7 26. g4 Bf6 27. Be4 Bh4+ 28. Bf2 Bxf2+ 29. Kxf2 Kd8 30. Qg5 b3 31. a3 Be8 32. Nc3 Kd7 33. Rh1 a6 34. f6 Nc8 35. Bf5+ Kc7 36. Rh8 Nb6 37. Qg7 Na4 38. Rxe8 Rxe8 39. Qxf7+ Kb6 40. Qxe8 Nxc3 41. Qb8# 1-0

[Event "January 2 Late 2024"]
[Site "https://www.chess.com"]
[Date "2024.01.02"]
[Round "10"]
[White "Flynn, Jacob"]
[Black "Ozates, Tuna"]
[Result "1-0"]
[Board "52"]
[TimeControl "180+1"]
[WhiteFideId "2509393"]
[BlackFideId "6354521"]
[WhiteElo "2510"]
[BlackElo "2640"]
[WhiteTeam "IRL"]
[BlackTeam "TUR"]
[WhiteClock "0:00:39"]
[BlackClock "0:00:08"]

1. d4 Nf6 2. c4 g6 3. Nc3 Bg7 4. Nf3 O-O 5. g3 d6 6. Bg2 c5 7. d5 e6 8. O-O exd5 9. cxd5 Re8 10. Re1 a6 11. a4 Nbd7 12. h3 Ne4 13. Nxe4 Rxe4 14. Qc2 Rb4 15. Nd2 Ne5 16. f4 Nd7 17. Nc4 Nb6 18. Ne3 Bd4 19. Kh2 Bd7 20. a5 Na4 21. Ra2 Rc8 22. Nc4 Bb5 23. b3 Nc3 24. Bd2 Nxa2 25. Qxa2 Bxc4 26. Bxb4 Bxe2 27. Bxc5 Rxc5 28. Qxe2 Qxa5 29. Qe8+ Kg7 30. Re7 Qc3 31. Qxf7+ 1-0

[Event "January 2 Late 2024"]
[Site "https://www.chess.com"]
[Date "2024.01.02"]
[Round "10"]
[White "Dobrijevic, Milan"]
[Black "Korchynskyi, Mykola"]
[Result "1-0"]
[Board "53"]
[TimeControl "180+1"]
[WhiteFideId "931632"]
[BlackFideId "34138005"]
[WhiteElo "2463"]
[BlackElo "2594"]
[WhiteTeam "SRB"]
[BlackTeam "UKR"]
[WhiteClock "0:00:25"]
[BlackClock "0:00:05"]

1. e4 e6 2. d4 d5 3. Nc3 Bb4 4. e5 c5 5. a3 Bxc3+ 6. bxc3 Ne7 7. h4 Qc7 8. h5 h6 9. Rh3 Nbc6 10. Qg4 cxd4 11. cxd4 Nf5 12. Nf3 Nb4 13. axb4 Qc3+ 14. Kd1 Qxa1 15. Bd3 Rg8 16. Qf4 a5 17. g4 Ne7 18. b5 Bd7 19. g5 Nf5 20. Bxf5 exf5 21. g6 fxg6 22. e6 Bxe6 23. Qd6 Bd7 24. Ne5 O-O-O 25. b6 Qxd4+ 26. Rd3 Qg4+ 27. Nxg4 fxg4 28. Qc7# 1-0

[Event "January 2 Late 2024"]
[Site "https://www.chess.com"]
[Date "2024.01.02"]
[Round "10"]
[White "Federzoni, Enzo"]
[Black "Korchmar, Vasiliy"]
[Result "0-1"]
[Board "54"]
[TimeControl "180+1"]
[WhiteFideId "2173301"]
[BlackFideId "24131750"]
[WhiteElo "2467"]
[BlackElo "2722"]
[WhiteTeam "BRA"]
[BlackTeam "RUS"]
[WhiteClock "0:00:02"]
[BlackClock "0:00:02"]

1. e4 c5 2. Nf3 d6 3. d4 cxd4 4. Nxd4 Nf6 5. Nc3 Nc6 6. Bg5 Bd7 7. Qd2 a6 8. O-O-O e6 9. f4 Be7 10. Nf3 b5 11. Bxf6 gxf6 12. f5 Qb6 13. Kb1 O-O-O 14. g3 b4 15. Ne2 e5 16. Nc1 Kb8 17. Bc4 Rhf8 18. Qh6 Na5 19. Bb3 Bc6 20. Rhe1 Rc8 21. Qxh7 Nxb3 22. axb3 Qf2 23. Nd2 d5 24. Qh5 dxe4 25. Re2 Qc5 26. Nc4 a5 27. h4 a4 28. Qg4 Rfd8 29. Rxd8 Rxd8 30. Re1 Bd5 31. Qe2 Rc8 32. h5 Bf8 33. Qe3 axb3 34. cxb3 Bxc4 35. Qxc5 Rxc5 36. bxc4 Rxc4 37. Nb3 Bh6 38. Re2 Kc7 39. Rc2 Rxc2 40. Kxc2 Kc6 41. Na5+ Kd5 42. Nb3 Kc4 43. g4 e3 44. Nc1 Kd4 45. Ne2+ Ke4 46. b3 Kf3 47. Kd3 Kxg4 48. Kc4 Kxh5 49. Kxb4 Kg4 50. Kc3 Kf3 51. Kd3 Bf8 52. Nc3 Bb4 53. Nd1 e2 54. Nf2 e1=Q 55. Ng4 Qe2# 0-1

[Event "January 2 Late 2024"]
[Site "https://www.chess.com"]
[Date "2024.01.02"]
[Round "10"]
[White "Schnaider, Ilan"]
[Black "Makaraci, Tunahan"]
[Result "0-1"]
[Board "55"]
[TimeControl "180+1"]
[WhiteFideId "169013"]
[BlackFideId "6356559"]
[WhiteElo "2712"]
[BlackElo "2531"]
[WhiteTeam "ARG"]
[BlackTeam "TUR"]
[WhiteClock "0:00:05"]
[BlackClock "0:00:53"]

1. e4 c5 2. Nf3 Nc6 3. Bb5 d6 4. O-O Bd7 5. Re1 Nf6 6. c3 a6 7. Bf1 Bg4 8. d4 cxd4 9. cxd4 e5 10. d5 Nd4 11. Be3 Nxf3+ 12. gxf3 Bd7 13. Qb3 Be7 14. Bg2 O-O 15. Nd2 Nh5 16. Nf1 Bg5 17. Ng3 Bxe3 18. fxe3 Nxg3 19. hxg3 Qg5 20. Kf2 f5 21. exf5 Rxf5 22. Qxb7 Rd8 23. e4 Rf6 24. Qxa6 Rdf8 25. Re3 Rg6 26. Rg1 Qxg3+ 27. Kf1 Bh3 28. Qe2 Qh2 29. Qf2 Rxg2 30. Rxg2 Qh1+ 31. Qg1 Bxg2+ 32. Kf2 Qxg1+ 33. Kxg1 Rxf3 34. Re2 Bh3 35. b4 Rf1+ 36. Kh2 Bg4 37. Rb2 Bf3 38. b5 Bxe4 39. b6 Bxd5 40. b7 Bxb7 41. Rxb7 Rf2+ 42. Kg3 Rxa2 43. Rd7 Rd2 44. Kg4 h6 45. Kf5 Kh7 46. Ke6 e4 47. Kf7 e3 48. Kf8 Rf2+ 49. Ke8 e2 50. Re7 d5 51. Kd7 d4 52. Rxe2 Rxe2 0-1

[Event "January 2 Late 2024"]
[Site "https://www.chess.com"]
[Date "2024.01.02"]
[Round "10"]
[White "Lewtak, Damian"]
[Black "Weisz, Bryan"]
[Result "0-1"]
[Board "56"]
[TimeControl "180+1"]
[WhiteFideId "1141724"]
[BlackFideId "30934133"]
[WhiteElo "2703"]
[BlackElo "2530"]
[WhiteTeam "POL"]
[BlackTeam "USA"]
[WhiteClock "0:00:37"]
[BlackClock "0:00:30"]

1. e4 e5 2. Nf3 Nc6 3. Bb5 a6 4. Bxc6 bxc6 5. O-O d6 6. c3 f5 7. Re1 fxe4 8. Rxe4 Nf6 9. Re1 Be7 10. d4 e4 11. Nfd2 d5 12. h3 O-O 13. Nf1 Bd6 14. Be3 Qe8 15. Nbd2 Nh5 16. c4 Nf4 17. c5 Qg6 18. Ng3 Nxh3+ 19. gxh3 Bxg3 20. fxg3 Qxg3+ 21. Kh1 Qxh3+ 22. Kg1 Bg4 23. Re2 Rf6 24. Nf1 Rg6 25. Kf2 Rf8+ 26. Ke1 Rxf1+ 27. Kd2 Rxd1+ 0-1

[Event "January 2 Late 2024"]
[Site "https://www.chess.com"]
[Date "2024.01.02"]
[Round "10"]
[White "Play, Gilles"]
[Black "Carlsson, Ludvig"]
[Result "0-1"]
[Board "57"]
[TimeControl "180+1"]
[WhiteFideId "45130892"]
[BlackFideId "1727010"]
[WhiteElo "2517"]
[BlackElo "2694"]
[WhiteTeam "FRA"]
[BlackTeam "SWE"]
[WhiteClock "0:00:08"]
[BlackClock "0:01:11"]

1. e4 e5 2. Nf3 Nc6 3. c3 Nf6 4. d4 exd4 5. e5 Nd5 6. Bc4 Nb6 7. Bb3 d6 8. cxd4 dxe5 9. O-O Nxd4 10. Nxe5 Nxb3 11. Qxd8+ Kxd8 12. axb3 Be6 13. Nc3 f6 14. Nd3 Bxb3 15. Be3 Bd6 16. Nb5 Ke7 17. Rfe1 Kf7 18. Nc5 Bd5 19. Red1 Rhd8 20. Nxa7 Nc4 21. Rxd5 Nxe3 22. Rh5 Bxc5 23. Rxc5 Rxa7 24. Rxc7+ Kg6 0-1

[Event "January 2 Late 2024"]
[Site "https://www.chess.com"]
[Date "2024.01.02"]
[Round "10"]
[White "Osmak, Yuliia"]
[Black "Blanco Ronquillo, Humberto L."]
[Result "1/2-1/2"]
[Board "58"]
[TimeControl "180+1"]
[WhiteFideId "14101602"]
[BlackFideId "3504239"]
[WhiteElo "2517"]
[BlackElo "2689"]
[WhiteTeam "UKR"]
[BlackTeam "CUB"]
[WhiteClock "0:00:12"]
[BlackClock "0:00:34"]

1. Nf3 d5 2. g3 Nf6 3. Bg2 c6 4. O-O Bg4 5. h3 Bxf3 6. Bxf3 Nbd7 7. d3 e5 8. Bg2 Bd6 9. c4 O-O 10. cxd5 Nxd5 11. Nc3 Nc7 12. a3 Re8 13. b4 a6 14. Bb2 Ne6 15. Ne4 Bc7 16. Rc1 Nb6 17. e3 Qd7 18. Qb3 Nd5 19. Rfd1 h6 20. Nc5 Nxc5 21. bxc5 Rab8 22. Rc4 Kh8 23. h4 f5 24. e4 Nf6 25. Bh3 Ng4 26. exf5 Nf6 27. g4 Nd5 28. Bc1 Nf4 29. Bxf4 exf4 30. Re4 Rbd8 31. Bg2 Rxe4 32. Bxe4 Be5 33. Kg2 f3+ 34. Kxf3 Bd4 35. Qc4 Qe7 36. Rh1 Bxc5 37. g5 Qe5 38. Qf7 Rf8 39. Qg6 Bd6 40. Kg2 Qf4 41. Kf1 Qg4 42. Rg1 Qd1+ 43. Kg2 Qg4+ 44. Kf1 Qd1+ 45. Kg2 Qg4+ 46. Kf1 1/2-1/2

[Event "January 2 Late 2024"]
[Site "https://www.chess.com"]
[Date "2024.01.02"]
[Round "10"]
[White "Banzea, Alexandru-Bogdan"]
[Black "Salazar Farias, Luis German"]
[Result "0-1"]
[Board "59"]
[TimeControl "180+1"]
[WhiteFideId "1232622"]
[BlackFideId "3902170"]
[WhiteElo "2664"]
[BlackElo "2517"]
[WhiteTeam "ROU"]
[BlackTeam "VEN"]
[WhiteClock "0:00:00"]
[BlackClock "0:01:00"]

1. d4 Nf6 2. Nc3 d5 3. Bf4 c5 4. e3 cxd4 5. exd4 a6 6. Bd3 Nc6 7. Nge2 Nb4 8. f3 e6 9. h4 Be7 10. h5 h6 11. g4 Bd7 12. a3 Nxd3+ 13. Qxd3 b5 14. O-O-O b4 15. axb4 Bxb4 16. Be5 Qa5 17. Qe3 Bb5 18. Kb1 Ra7 19. Bxf6 gxf6 20. Nxd5 Bxe2 21. Nxf6+ Ke7 22. Qxe2 Kxf6 23. f4 Rb7 24. Rh3 Bc3 25. Qe5+ Ke7 0-1

[Event "January 2 Late 2024"]
[Site "https://www.chess.com"]
[Date "2024.01.02"]
[Round "10"]
[White "Palomo, Franklin Annervys"]
[Black "xakevicius91"]
[Result "0-1"]
[Board "60"]
[TimeControl "180+1"]
[WhiteFideId "3906965"]
[WhiteElo "2647"]
[BlackElo "2511"]
[WhiteTeam "VEN"]
[WhiteClock "0:01:45"]
[BlackClock "0:01:47"]

1. Nf3 Nf6 2. g3 b6 3. Bg2 Bb7 4. O-O e6 5. d3 Be7 6. Nbd2 c5 7. e4 d5 8. e5 Nfd7 9. Re1 Nc6 10. h4 Qc7 11. Qe2 h6 12. c4 d4 13. Nf1 O-O-O 14. N1h2 g5 15. hxg5 hxg5 16. Ng4 Rhg8 17. Bd2 a5 18. a3 Kb8 19. Qd1 Rde8 20. Qe2 f5 21. exf6 Nxf6 22. Nxf6 Bxf6 23. Nh2 Ne5 24. Bxb7 Qxb7 25. Ng4 Rh8 0-1

[Event "January 2 Late 2024"]
[Site "https://www.chess.com"]
[Date "2024.01.02"]
[Round "10"]
[White "Goryachkina, Aleksandra"]
[Black "Mazi, Leon"]
[Result "1-0"]
[Board "61"]
[TimeControl "180+1"]
[WhiteFideId "4147103"]
[BlackFideId "14600315"]
[WhiteElo "2637"]
[BlackElo "2508"]
[WhiteTeam "FID"]
[BlackTeam "SLO"]
[WhiteClock "0:01:06"]
[BlackClock "0:00:58"]

1. e4 c5 2. Nf3 d6 3. d4 cxd4 4. Nxd4 Nf6 5. Nc3 a6 6. f4 e5 7. Nf3 Qc7 8. Bd3 b5 9. a3 Bb7 10. O-O Nbd7 11. Kh1 Be7 12. f5 Nc5 13. Qe1 Kf8 14. b4 Nxd3 15. cxd3 d5 16. Bb2 Re8 17. exd5 Nxd5 18. Nxd5 Bxd5 19. Rc1 Qb7 20. Qxe5 f6 21. Qg3 Rc8 22. Rxc8+ Qxc8 23. Rc1 Qxf5 24. Nd4 Qd7 25. Rc7 Qd8 26. Nf5 Bxg2+ 27. Kxg2 Qd5+ 28. Qf3 1-0

[Event "January 2 Late 2024"]
[Site "https://www.chess.com"]
[Date "2024.01.02"]
[Round "10"]
[White "Toktomushev, Teimur"]
[Black "Brown_Mamba24"]
[Result "0-1"]
[Board "62"]
[TimeControl "180+1"]
[WhiteFideId "14176726"]
[WhiteElo "2479"]
[BlackElo "2617"]
[WhiteTeam "UKR"]
[WhiteClock "0:00:00"]
[BlackClock "0:00:07"]

1. d4 Nf6 2. c4 g6 3. Nc3 Bg7 4. e4 d6 5. f3 O-O 6. Be3 a6 7. Qd2 Nc6 8. Nge2 Na5 9. Nc1 Nd7 10. Nb3 c5 11. dxc5 Nxb3 12. axb3 Nxc5 13. Ra3 a5 14. Be2 Be6 15. O-O Qb6 16. Qe1 Rfc8 17. Qf2 Qd8 18. Rd1 Qe8 19. Rda1 b6 20. Bf1 Bd7 21. Nd5 Rab8 22. b4 axb4 23. Ra7 b3 24. Bd4 Ne6 25. Bxg7 Kxg7 26. Qd2 b5 27. Qc3+ f6 28. Qxb3 bxc4 29. Qc3 Rb3 30. Qc2 Nd4 31. Qd2 Nc6 32. Rc7 Rxc7 33. Nxc7 Qb8 34. Nd5 Rxb2 35. Qc3 e6 36. Ne3 Qb6 37. Kh1 Ne5 38. Nxc4 Nxc4 39. Qxc4 Bb5 40. Qc1 Qf2 41. h3 g5 42. Kh2 Rc2 43. Qe1 Bxf1 44. Qxf1 Qd4 45. Qe1 Qe5+ 46. Kh1 Kg6 47. Qg1 Qb2 48. Rd1 Qb4 49. Qf1 Qc5 50. Qd3 Kh6 51. Qxd6 Qf2 52. Qh2 Qe2 53. Rg1 Rd2 54. h4 Kg6 55. hxg5 fxg5 56. Qe5 Qc4 57. Qg3 Rd3 58. Re1 Qc3 59. Rg1 Qd4 60. Qh3 Qf6 61. Re1 h5 62. Qg3 Qc3 63. Qf2 Rd2 64. Qg1 Qc2 65. Rc1 Qd3 66. Rc6 Rd1 67. Rxe6+ Kf7 68. Rh6 Rxg1+ 69. Kxg1 g4 70. Rxh5 g3 71. Rf5+ Kg6 0-1

[Event "January 2 Late 2024"]
[Site "https://www.chess.com"]
[Date "2024.01.02"]
[Round "10"]
[White "Melian, Juan Sebastian"]
[Black "Bhavikatti, Neil"]
[Result "1-0"]
[Board "63"]
[TimeControl "180+1"]
[WhiteFideId "3706575"]
[BlackFideId "30935024"]
[WhiteElo "2605"]
[BlackElo "2477"]
[WhiteTeam "PAR"]
[BlackTeam "USA"]
[WhiteClock "0:00:30"]
[BlackClock "0:00:00"]

1. d4 d5 2. Nf3 Nf6 3. Bg5 e6 4. Nbd2 Be7 5. e3 O-O 6. Bd3 h6 7. Bh4 b6 8. O-O Bb7 9. Ne5 Nfd7 10. Bxe7 Qxe7 11. f4 c5 12. c3 Nc6 13. Qh5 Ncxe5 14. fxe5 f5 15. exf6 Nxf6 16. Qg6 Qe8 17. Qg3 e5 18. dxe5 Ne4 19. Rxf8+ Qxf8 20. Nxe4 dxe4 21. Bc4+ Kh8 22. e6 Qe8 23. Rf1 Bc6 24. Rf7 Qg8 25. e7 b5 26. Be6 Kh7 27. Bf5+ Kh8 28. Be6 Kh7 29. Qe5 Re8 30. Qf5+ Kh8 31. Rf8 1-0

[Event "January 2 Late 2024"]
[Site "https://www.chess.com"]
[Date "2024.01.02"]
[Round "10"]
[White "Travkina, Anastasia"]
[Black "Lund, Gunnar"]
[Result "0-1"]
[Board "65"]
[TimeControl "180+1"]
[WhiteFideId "24129151"]
[BlackFideId "1520814"]
[WhiteElo "2463"]
[BlackElo "2586"]
[WhiteTeam "RUS"]
[BlackTeam "NOR"]
[WhiteClock "0:00:16"]
[BlackClock "0:00:13"]

1. e4 h6 2. d4 a6 3. f4 d6 4. Nc3 e6 5. Bd3 Nc6 6. Nf3 Bd7 7. O-O Nf6 8. e5 Nd5 9. Nxd5 exd5 10. f5 dxe5 11. dxe5 Bc5+ 12. Kh1 Qe7 13. e6 fxe6 14. fxe6 Bxe6 15. Bg6+ Kd7 16. c4 Rad8 17. cxd5 Kc8 18. Qe2 Bxd5 19. Qxe7 Nxe7 20. Bc2 Rhf8 21. a3 Nc6 22. b4 Bd4 23. Rb1 Ba2 24. Rb2 Bc4 25. Re1 Bc3 26. Rg1 Nd4 27. Be4 Rde8 28. Bg6 Re6 29. Bh5 Nxf3 30. Bxf3 Bxb2 31. Bxb2 Re7 32. h3 Be6 33. Bd4 b6 34. Rc1 Kb8 35. a4 Bxh3 36. a5 Bg4 37. axb6 Bxf3 38. bxc7+ Rxc7 39. Rxc7 Kxc7 40. gxf3 g6 41. Kg2 Kc6 42. Bc5 Rf5 43. Kg3 Rxc5 44. bxc5 a5 45. Kf4 a4 0-1

[Event "January 2 Late 2024"]
[Site "https://www.chess.com"]
[Date "2024.01.02"]
[Round "10"]
[White "Blanco Diez, David"]
[Black "Banerjee, Supratit"]
[Result "0-1"]
[Board "66"]
[TimeControl "180+1"]
[WhiteFideId "32032927"]
[BlackFideId "2410079"]
[WhiteElo "2440"]
[BlackElo "2560"]
[WhiteTeam "ESP"]
[BlackTeam "SCO"]
[WhiteClock "0:00:11"]
[BlackClock "0:01:01"]

1. d4 d5 2. Nc3 Nf6 3. Bg5 e6 4. e4 dxe4 5. Nxe4 Be7 6. Bxf6 Bxf6 7. Nf3 Kf8 8. Qd2 Be7 9. O-O-O Bd7 10. Ne5 Be8 11. Bc4 Nc6 12. Qf4 Kg8 13. h4 Na5 14. Bd3 f6 15. Nf3 Bd6 16. Qe3 Bf7 17. g4 Nc6 18. Kb1 a5 19. g5 f5 20. Nxd6 cxd6 21. d5 exd5 22. Bxf5 Qe8 23. Rhe1 Qxe3 24. Rxe3 g6 25. Bg4 Kg7 26. Nd4 Ne5 27. Be6 Rae8 28. Bxf7 Nxf7 29. Ne6+ Kg8 30. Rxd5 h6 31. gxh6 Rxh6 32. Rxa5 Rxh4 33. a3 Rh2 34. f4 Rh1+ 35. Ka2 Rh2 36. Kb3 Rh6 37. Ra7 g5 38. f5 Rf6 39. Rf3 Rexe6 40. fxe6 Rxf3+ 41. Kb4 Ne5 42. e7 Kf7 43. Rxb7 Nc6+ 44. Kb5 Nxe7 45. a4 Rf5+ 46. Kb6 Ke6 47. a5 Nc8+ 48. Kc7 Rc5+ 49. Kd8 g4 50. a6 g3 51. Rg7 Nb6 52. Re7+ Kf6 53. Rc7 Rxc7 54. Kxc7 g2 55. Kxb6 g1=Q+ 56. Kb7 Qg2+ 57. Kb8 Qxc2 58. a7 Qxb2+ 59. Kc7 Qc3+ 60. Kb7 Qb4+ 61. Kc6 Qc5+ 62. Kb7 Qxa7+ 63. Kc8 d5 64. Kd8 Qb7 65. Ke8 Qe7# 0-1

[Event "January 2 Late 2024"]
[Site "https://www.chess.com"]
[Date "2024.01.02"]
[Round "10"]
[White "Ferreira, Vitor Hugo Vieira"]
[Black "Awoki, Daniel Teidi"]
[Result "1/2-1/2"]
[Board "67"]
[TimeControl "180+1"]
[WhiteFideId "2119765"]
[BlackFideId "2100827"]
[WhiteElo "2550"]
[BlackElo "2436"]
[WhiteTeam "BRA"]
[BlackTeam "BRA"]
[WhiteClock "0:01:14"]
[BlackClock "0:00:05"]

1. c4 e5 2. g3 Nf6 3. Bg2 d5 4. cxd5 Nxd5 5. Nf3 Nc6 6. O-O Nb6 7. Nc3 Be7 8. a3 O-O 9. b4 Re8 10. d3 a5 11. b5 Nd4 12. a4 Bf8 13. Rb1 f5 14. Bb2 Kh8 15. e3 Nxf3+ 16. Bxf3 Bb4 17. Na2 Bd6 18. Qc2 Rb8 19. Rfd1 Be6 20. Nc3 Qe7 21. Bg2 Red8 22. d4 e4 23. d5 Bf7 24. Ne2 Be5 25. Nf4 Bxb2 26. Rxb2 Nxd5 27. Rc1 Nxf4 28. exf4 Rbc8 29. Qc3 b6 30. Re2 Qd6 31. f3 Bh5 32. Rf2 exf3 33. Bxf3 Bxf3 34. Rxf3 Qd4+ 35. Qxd4 Rxd4 36. Rfc3 Rxa4 37. Rxc7 Rxc7 38. Rxc7 h6 39. Rc6 Rb4 40. Rxb6 a4 41. Rb8+ Kh7 42. b6 a3 43. Ra8 Rb1+ 44. Kg2 Rb2+ 45. Kh3 Rxb6 46. Rxa3 Rb2 47. Ra5 Kg6 48. Ra6+ Kf7 49. Ra7+ Kf6 50. Ra6+ Kf7 51. Ra7+ Kg6 52. Ra8 Rc2 53. Re8 Rc6 54. Kg2 Rc2+ 55. Kh3 Rb2 56. Re6+ Kf7 57. Ra6 Rc2 58. Ra7+ Kf6 59. Ra5 Rb2 60. Ra6+ Kf7 1/2-1/2